 Dungeon Crawl Stone Soup version 0.17.0-28-g6e173f8 (webtiles) character file.

2643 dohliylev the Protected (level 9, 32/79 HPs)
             Began as a Minotaur Fighter on Nov 28, 2015.
             Was a Believer of Elyvilon.
             Starved to death
             ... on level 7 of the Dungeon.
             The game lasted 00:21:54 (6064 turns).

dohliylev the Protected (Minotaur Fighter)          Turns: 6064, Time: 00:21:54

Health: 32/79      AC: 13    Str: 22    XL:     9   Next: 35%
Magic:  8/8        EV:  7    Int:  6    God:    Elyvilon [**....]
Gold:   249        SH: 11    Dex: 11    Spells: 0 memorised, 8 levels left

rFire  + . .     SeeInvis .     a - +0 war axe
rCold  x . .     Clarity  .     S - +0 plate armour
rNeg   . . .     SustAt   .     c - +0 shield
rPois  .         Gourm    .     (helmet restricted)
rElec  .         Spirit   .     (no cloak)
rCorr  .         Warding  .     (no gloves)
rMut   .         Rnd*Tele +     (no boots)
MR     .....                    (no amulet)
Stlth  ..........               s - ring of fire
                                z - ring of teleportation (curse)

@: fainting, not resistant to hostile enchantments, extremely unstealthy
A: retaliatory headbutt, horns 2
a: Lesser Healing, Heal Other, Divine Protection, Renounce Religion, Evoke
Teleportation


You were on level 7 of the Dungeon.
You worshipped Elyvilon.
Elyvilon was pleased with you.
You were fainting.

You visited 2 branches of the dungeon, and saw 8 of its levels.

You collected 249 gold pieces.

Inventory:

Hand Weapons
 a - a +0 war axe (weapon)
Armour
 b - a +1 scale mail of poison resistance
 c - a +0 shield (worn)
 u - a +1 ring mail of cold resistance
 F - a +1 leather armour of fire resistance
 S - a +0 plate armour (worn)
Jewellery
 o - an uncursed ring of wizardry
 s - a ring of fire (right hand)
 w - an uncursed ring of stealth
 z - a cursed ring of teleportation (left hand)
 J - an uncursed ring of stealth
 P - an uncursed amulet of stasis {unknown}
 U - a cursed ring of teleportation
Wands
 x - a wand of frost (23)
 B - a wand of fire (6)
 C - a wand of fireball (8)
 M - a wand of magic darts (20)
 T - a wand of confusion (20)
Scrolls
 f - 3 scrolls of identify {unknown}
 m - 2 scrolls of teleportation {unknown}
 n - 4 scrolls of enchant armour {unknown}
 p - a scroll of fear {unknown}
 t - a scroll of blinking {unknown}
 y - 2 scrolls of magic mapping {unknown}
 D - a scroll of immolation {unknown}
 E - a scroll of enchant weapon {unknown}
 G - a scroll of remove curse {unknown}
 I - a scroll of silence {unknown}
 K - a scroll of fog {unknown}
 N - a scroll of noise {unknown}
Potions
 d - 3 potions of might
 g - 2 potions of brilliance {unknown}
 h - a potion of resistance {unknown}
 i - 3 potions of heal wounds {unknown}
 j - a potion of flight {unknown}
 l - a potion of haste {unknown}
 q - a potion of agility {unknown}
 r - 3 potions of curing
 v - a potion of invisibility {unknown}
 A - a potion of berserk rage {unknown}
 H - 2 potions of mutation {unknown}
 L - a potion of ambrosia {unknown}
 R - a potion of cancellation {unknown}
Comestibles
 e - 4 bread rations
 k - 5 meat rations
 O - 18 chunks of flesh
 Q - a royal jelly


   Skills:
 + Level 7.1 Fighting
 + Level 7.6 Axes
 + Level 8.0 Armour
 + Level 5.3 Dodging
 + Level 1.5 Stealth
 + Level 7.9 Shields
 + Level 0.2 Invocations


You had 8 spell levels left.
You didn't know any spells.

Dungeon Overview and Level Annotations

Branches:
Dungeon (7/15)             Temple (1/1) D:6

Altars:
Ashenzari
Cheibriados
Dithmenos
Elyvilon
Fedhas
Gozag
Kikubaaqudgha
Makhleb
Nemelex Xobeh
Okawaru
Qazlal
Ru
Sif Muna
Trog
Vehumet
Xom
Yredelemnul
Zin
The Shining One

Shops:
D:4 [


Innate Abilities, Weirdness & Mutations

You reflexively headbutt those who attack you in melee.
You have a pair of horns on your head.


Message History

You hit the hungry ghost but do no damage.
Your headbutt misses the hungry ghost.
The hungry ghost is severely damaged.
You block the hungry ghost's attack.
You miss the hungry ghost. Your headbutt misses the hungry ghost.
The hungry ghost is severely damaged.
The hungry ghost hits you.
You feel slightly more hungry.
You closely miss the hungry ghost. You headbutt the hungry ghost!
The hungry ghost is almost destroyed.
The hungry ghost barely misses you. You block the hungry ghost's attack.
You closely miss the hungry ghost. You headbutt the hungry ghost.
The hungry ghost is almost destroyed.
The hungry ghost hits you.
You feel slightly more hungry.
You miss the hungry ghost.
The hungry ghost is almost destroyed.
The hungry ghost hits you.
You closely miss the hungry ghost.
The hungry ghost is almost destroyed.
You have starved to death.
You die...

#.....+.....#
#.....#.....#
#....)#.....# ## #...#
#...#
.#######...###...##
............'.....+
............#.....#
.###..###...##...##
.###..###...##.W@#
.......#....#...........
....)..#..>.#...........
....)..#....#$..........
#####..#######.########.
#'###..###.# #.......#..
#.......#.. #.....).#


You could see a hungry ghost.

Vanquished Creatures
  The ghost of bollicks1999 the Shield-Bearer, an amateur HOFi (D:4)
  A deep elf mage (D:6)
  Menkaure (D:7)
  Duvessa (D:4)
  2 ice beasts (D:5)
  3 phantoms
  4 ogres
  2 giant frogs (D:6)
  Dowan (D:4)
  A water moccasin skeleton (D:4)
  A scorpion (D:4)
  3 hounds
  A jelly (D:6)
  3 crimson imps
  Ijyb (D:2)
  An iguana (D:7)
  A wasp zombie (D:7)
  3 giant frog skeletons
  Jessica (D:3)
  An orc priest (D:3)
  2 orc wizards (D:7)
  3 worker ants
  A hound skeleton (D:4)
  A hound zombie (D:6)
  10 adders
  18 gnolls
  3 worms
  2 adder skeletons (D:4)
  11 giant geckos
  8 orcs
  12 bats
  4 giant cockroaches
  6 goblins
  8 hobgoblins
  11 jackals
  5 kobolds
  4 quokkas
  3 ball pythons
  A giant cockroach zombie (D:5)
  A giant gecko zombie (D:5)
  5 giant newts
  A jackal zombie (D:5)
  A quokka skeleton (D:6)
  8 rats
162 creatures vanquished.

Notes
Turn   | Place    | Note
--------------------------------------------------------------
     0 | D:1      | dohliylev the Minotaur Fighter began the quest for the Orb.
     0 | D:1      | Reached XP level 1. HP: 19/19 MP: 0/0
   234 | D:1      | Reached XP level 2. HP: 24/27 MP: 1/1
   484 | D:1      | Reached skill level 4 in Fighting
   801 | D:2      | Reached XP level 3. HP: 33/33 MP: 2/2
   850 | D:2      | Found a stormy altar of Qazlal.
   868 | D:2      | Reached XP level 4. HP: 29/40 MP: 3/3
  1128 | D:2      | Noticed Ijyb
  1136 | D:2      | Killed Ijyb
  1136 | D:2      | Reached skill level 1 in Dodging
  1442 | D:2      | Reached XP level 5. HP: 46/46 MP: 4/4
  2199 | D:3      | Reached skill level 5 in Armour
  2199 | D:3      | Reached skill level 5 in Shields
  2251 | D:3      | Found a burning altar of Makhleb.
  2267 | D:3      | Found a snail-covered altar of Cheibriados.
  2268 | D:3      | Found an ancient bone altar of Kikubaaqudgha.
  2269 | D:3      | Found a shimmering altar of Xom.
  2269 | D:3      | Found a white marble altar of Elyvilon.
  2269 | D:3      | Found a sparkling altar of Nemelex Xobeh.
  2285 | D:3      | Became a worshipper of Elyvilon the Healer
  2478 | D:3      | Noticed Jessica
  2484 | D:3      | Killed Jessica
  2484 | D:3      | Reached XP level 6. HP: 21/53 MP: 5/5
  3055 | D:4      | Reached * piety under Elyvilon
  3146 | D:4      | Reached XP level 7. HP: 27/60 MP: 6/6
  3165 | D:4      | Reached skill level 5 in Fighting
  3210 | D:4      | Noticed Duvessa
  3210 | D:4      | Noticed Dowan
  3211 | D:4      | Noticed bollicks1999's ghost (amateur HOFi)
  3235 | D:5      | Entered Level 5 of the Dungeon
  3433 | D:5      | Reached skill level 5 in Axes
  3434 | D:5      | Reached skill level 6 in Armour
  3727 | D:4      | Killed Duvessa
  3740 | D:4      | Killed Dowan
  3840 | D:4      | Killed bollicks1999's ghost
  3840 | D:4      | Reached skill level 1 in Stealth
  3840 | D:4      | Reached XP level 8. HP: 44/70 MP: 7/7
  4196 | D:4      | Found Anes's Antique Armour Shoppe.
  4357 | D:5      | Reached skill level 7 in Armour
  4952 | D:6      | Found a staircase to the Ecumenical Temple.
  4957 | Temple   | Entered the Ecumenical Temple
  5145 | D:6      | Reached ** piety under Elyvilon
  5276 | D:6      | Reached XP level 9. HP: 56/78 MP: 8/8
  5478 | D:6      | Reached skill level 5 in Dodging
  5504 | D:6      | Reached skill level 8 in Armour
  5916 | D:7      | Noticed Menkaure
  5925 | D:7      | Killed Menkaure
  6064 | D:7      | Starved to death

Action                   |  1- 3 |  4- 6 |  7- 9 || total
-------------------------+-------+-------+-------++-------
Melee: War axe           |    69 |   169 |   280 ||   518
Invok: Lesser Healing    |       |       |     3 ||     3
  Eat: Chunk             |       |     7 |    11 ||    18
